 Dungeon Crawl Stone Soup version 0.29.1-15-g9cfb28693d (webtiles) character file.

Game seed: 17668210162803960859

396 firemarshallily the Covert (level 6, -1/63 HPs)
             Began as an Octopode Brigand on Apr 13, 2023.
             Slain by a lemure (5 damage)
             ... led by Pikel
             ... on level 3 of the Dungeon.
             The game lasted 00:10:14 (2694 turns).

firemarshallily the Covert (Octopode Brigand)       Turns: 2694, Time: 00:10:14

Health: -1/63      AC: 23    Str: 10    XL:     6   Next: 82%
Magic:  7/7        EV:  2    Int: 14    God:
Gold:   10         SH:  0    Dex: 15    Spells: 6/6 levels left

rFire   . . .      SeeInvis +   m - +2 dagger (drain)
rCold   . . .      Faith    .   (no shield)
rNeg    . . .      Spirit   .   (helmet currently unavailable)
rPois   +          Reflect  .   t - amulet of magic regeneration
rElec   .          Harm     .   k - ring of see invisible
rCorr   .          Rampage  .   u - ring of wizardry
Will    .....      NoTele   +   (no ring)
Stlth   ++........              (no ring)
HPRegen 0.20/turn               (no ring)
MPRegen 0.50/turn               (no ring)
                                (no ring)
                                (no ring)

@: confused, tree-form, ambrosia-drunk, attractive
A: stationary, stasis, torment immunity, boosted hp, almost no armour,
(amphibious), 8 rings, (camouflage 1), (gelatinous body 1), (nimble swimmer 1),
(tentacles)
a: no special abilities


You were on level 3 of the Dungeon.
You were a tree.
You visited 1 branch of the dungeon, and saw 4 of its levels.

You collected 196 gold pieces.
You spent 186 gold pieces at shops.

Inventory:

Hand Weapons
 a - a +2 dagger
 m - a +2 dagger of draining (weapon)
Missiles
 b - 17 poisoned darts (quivered)
 c - 2 curare-tipped darts
Armour
 q - a +2 hat (melded)
Jewellery
 k - a ring of see invisible (left branch)
 t - an amulet of magic regeneration (around neck)
 u - a ring of wizardry (right branch)
Scrolls
 e - 3 scrolls of amnesia {unknown}
 i - 2 scrolls of summoning {unknown}
 j - 6 scrolls of teleportation
 n - a scroll of enchant armour {unknown}
 o - a scroll of silence {unknown}
 p - a scroll of blinking {unknown}
 v - 2 scrolls of fear {unknown}
 w - a scroll of brand weapon {unknown}
 y - a scroll of poison
Potions
 f - a potion of ambrosia
 h - 2 potions of haste
 r - a potion of cancellation
 s - 3 potions of mutation
 x - 2 potions of might {unknown}
 z - a potion of brilliance {unknown}


   Skills:
 + Level 3.6 Fighting
 * Level 4.5 Short Blades
 - Level 2.0 Throwing
 - Level 1.0 Dodging
 * Level 8.0 Stealth
 + Level 0.7 Spellcasting


You had 6 spell levels left.
You didn't know any spells.
Your spell library contained the following spells:

 Spells                   Type           Power      Damage    Failure   Level
 Conjure Flame            Conj/Fire      0%         6-21      32%         3
 Ignite Poison            Fire/Tmut/Pois 0%         N/A       32%         3
 Sticky Flame             Conj/Fire      0%         2d3       69%         4


Dungeon Overview and Level Annotations

Branches:
Dungeon (4/15)
 Temple: D:4-7

Altars:
Elyvilon
Wu Jian
The Shining One

Shops:
D:1 *?

Annotations:
D:4 1 runed translucent door, Pikel; nroviw's ghost, amateur DsAK


Innate Abilities, Weirdness & Mutations

You are a tree.
Your roots penetrate the ground, keeping you stationary.
You cannot be teleported.
You are immune to unholy pain and torment.
Your maximum health is greatly increased.
You cannot wear most types of armour.
((You are amphibious.))
You can wear up to eight rings at the same time.
((Your skin changes colour to match your surroundings (Stealth+).))
((Your rubbery body absorbs attacks. (AC +1, EV +1)))
((You are camouflaged when in or above water. (Stealth+)))
((You have tentacles for arms and can constrict up to eight enemies at once.))


Message History

You closely miss the lemure.
The lemure is moderately wounded.
The lemure hits you but does no damage.
You hit the lemure.
The lemure is moderately wounded.
The lemure hits you but does no damage.
You hit the lemure.
The lemure is heavily wounded.
The lemure hits you but does no damage.
You hit the lemure but do no damage.
The lemure is heavily wounded.
Press: ? - help, v - describe, . - travel
Here: a lemure (heavily wounded)
The floor.
You hit the lemure.
The lemure is heavily wounded.
The lemure hits you but does no damage.
You hit the lemure but do no damage.
The lemure is heavily wounded.
The lemure hits you but does no damage.
You hit the lemure but do no damage.
The lemure is heavily wounded.
The lemure hits you.
* * * LOW HITPOINT WARNING * * *
You hit the lemure.
The lemure is severely wounded.
You closely miss the lemure. You punch the lemure, but do no damage.
The lemure is severely wounded.
The lemure hits you but does no damage.
You hit the lemure.
The lemure is severely wounded.
The lemure hits you.
* * * LOW HITPOINT WARNING * * *
Really quaff the potion of attraction?
You feel attractive to monsters. The lemure hits you.
* * * LOW HITPOINT WARNING * * *
You are confused.
You feel invigorated. The lemure hits you.
You die...

#............#.......
####............#......#
#.....#.........#......#
#.##..#...........#+####
#.##..............+.####
#.#...............##....
#.<#..............##....
#.....5..........###....
#..##..♣................
##..'.........#...)...†.
####........##.........
#......#...#.........
#......#.#.###.......
#..........###.......
#...#....##..........
#####...#######..........
#...'...#.#####..........


You could see a lemure.

Vanquished Creatures
  Sigmund (D:2)
  A lemure (D:4)
  A howler monkey (D:4)
  A jelly (D:4)
  A hound (D:4)
  An orc wizard (D:3)
  A gnoll (D:1)
  2 adders
  A worm (D:2)
  4 dart slugs
  3 orcs (D:3)
  3 ball pythons
  6 endoplasms
  A giant cockroach (D:3)
  2 goblins
  6 hobgoblins
  4 jackals (D:2)
  10 kobolds
  4 quokkas
  7 bats
  4 frilled lizards
  9 rats
73 creatures vanquished.

Notes
Turn   | Place    | Note
-------+----------+-------------------------------------------
     0 | D:1      | firemarshallily the Octopode Brigand began the quest for
                  | the Orb.
     0 | D:1      | Reached XP level 1. HP: 14/14 MP: 1/1
   214 | D:1      | Reached XP level 2. HP: 19/19 MP: 2/2
   221 | D:1      | Found Xumiysso's Magic Scroll Emporium.
   241 | D:1      | Bought a scroll of identify for 24 gold pieces
   328 | D:1      | Found a faded altar of an unknown god.
   360 | D:1      | Bought a scroll of teleportation for 36 gold pieces
   414 | D:1      | Found Golisest's Assorted Antiques.
   464 | D:1      | Reached XP level 3. HP: 24/24 MP: 3/3
   684 | D:2      | Reached skill level 6 in Stealth
   814 | D:1      | Bought a scroll labelled DUOXTU VIWN for 27 gold pieces
   864 | D:2      | Noticed Sigmund
   883 | D:2      | Killed Sigmund
   884 | D:2      | Reached skill level 7 in Stealth
   884 | D:2      | Reached XP level 4. HP: 22/31 MP: 4/4
   884 | D:2      | Reached XP level 5. HP: 25/36 MP: 5/5
  1393 | D:2      | Reached XP level 6. HP: 38/42 MP: 6/6
  1541 | D:1      | Bought a clear potion for 24 gold pieces
  1541 | D:1      | Bought a scroll labelled WOFIZE XAEJOZU for 27 gold pieces
  1624 | D:3      | Found an ornate altar of the Wu Jian Council.
  1871 | D:3      | Found a white marble altar of Elyvilon.
  2376 | D:1      | Bought a scroll of poison for 48 gold pieces
  2528 | D:4      | Found a glowing golden altar of the Shining One.
  2550 | D:4      | Noticed nroviw's ghost (amateur DsAK)
  2554 | D:4      | Found a runed translucent door.
  2578 | D:4      | Reached skill level 8 in Stealth
  2612 | D:4      | Noticed Pikel
  2693 | D:3      | HP: 1/63 [lemure[Pikel] (5)]
  2694 | D:3      | Slain by a lemure

Illustrated notes

Levels and vault maps discovered:
D:1:      beargit_arrival_greenhouse, layout_rooms, serial_shops, shop,
          nicolae_square_shop, ebering_ecumenical_altar_mist,
          hangedman_glass_teeth
D:2:      layout_rooms, uniq_sigmund
D:3:      layout_basic, lemuel_doored_altar, mainiacjoe_overflow_paths,
          columned_hall_lemuel, kennysheep_generic_room_15
D:4:      layout_loops_ring, tso_oasis_becter, hellmonk_ghost_happy_afterlife,
          uniq_pikel

Skill      XL: |  1  2  3  4  5  6 |
---------------+-------------------+-----
Stealth        | 7 8 |  8.0
Fighting       | 3 |  3.6
Short Blades   | 3 4 |  4.5
Throwing       | |  2.0
Dodging        | |  1.0
Spellcasting   | |  0.7

Action                   |  1- 3 |  4- 6 || total
-------------------------+-------+-------++-------
Melee: Dagger            |    27 |   103 ||   130
       Constrict         |     1 |    20 ||    21
       Tentacles         |     1 |    16 ||    17
       Punch             |       |     3 ||     3
Throw: Dart              |     5 |       ||     5
  Use: Scroll            |     3 |     4 ||     7
       Potion            |       |     4 ||     4
 Stab: Sleeping          |    12 |    15 ||    27
Armor: Skin              |     1 |    21 ||    22
Dodge: Dodged            |    10 |    37 ||    47
